 Dungeon Crawl Stone Soup version 0.16-a0-1982-g8124c91 (webtiles) character file.

144 Gorice the Skirmisher (level 5, -1/46 HPs)
             Began as a Demonspawn Wanderer on Nov 8, 2014.
             Slain by a scorpion (7 damage)
             ... on level 3 of the Dungeon.
             The game lasted 00:21:53 (3104 turns).

Gorice the Skirmisher (Demonspawn Wanderer)         Turns: 3104, Time: 00:21:53

Health: -1/46      AC:  4    Str: 11    XL:     5   Next: 5%
Magic:  5/5        EV: 12    Int: 15    God:
Gold:   232        SH:  0    Dex: 13    Spells: 0 memorised, 4 levels left

rFire  . . .     SeeInvis .     a - +0 spear
rCold  . . .     Clarity  .     c - +1 leather armour
rNeg   + . .     SustAb   .     (no shield)
rPois  +         Gourm    .     (no helmet)
rElec  .         Spirit   .     (no cloak)
rCorr  .         Warding  +     (no gloves)
rMut   .         Stasis   .     (no boots)
MR     .....                    h - amulet of warding
Stlth  +.........               (no ring)
                                k - ring of poison resistance

@: lethally poisoned, not resistant to hostile enchantments, very unstealthy
A: hooves 1, powered by pain 1
a: no special abilities


You were on level 3 of the Dungeon.
You were hungry.

You visited 1 branch of the dungeon, and saw 4 of its levels.

You collected 232 gold pieces.

Inventory:

Hand weapons
 a - a +0 spear (weapon)
 e - a +2 dagger of venom
Missiles
 q - 26 bolts
 Y - 3 throwing nets
 Z - 133 stones (quivered)
Armour
 c - a +1 leather armour (worn)
Jewellery
 h - an amulet of warding (around neck)
 k - a ring of poison resistance (left hand)
Scrolls
 d - a scroll of remove curse
 i - a scroll of fear
Potions
 b - a potion of mutation {unknown}
 g - a potion of haste {unknown}
 j - a potion of resistance {unknown}
 l - 2 potions of curing
 o - a potion of might {unknown}
Comestibles
 f - 5 bread rations
 n - a meat ration


   Skills:
 - Level 6.0 Fighting
 * Level 3.3 Polearms
 - Level 1.0 Throwing
 + Level 3.1 Dodging
   Level 1.0 Evocations


You had 4 spell levels left.
You didn't know any spells.

Dungeon Overview and Level Annotations

Branches:
Dungeon (4/15)
 Temple: D:4-7

Altars:

Annotations:
D:4 Edmund, Menkaure


Innate Abilities, Weirdness & Mutations

You have large cloven feet.
You sometimes gain a little power by taking damage.


Message History

You feel sick. The scorpion misses you.
You closely miss the scorpion.
The scorpion is heavily wounded.
The scorpion stings you but does no damage.
You hit the scorpion. Your kick misses the scorpion.
The scorpion is severely wounded.
You feel sick.
The scorpion stings you but does no damage.
You closely miss the scorpion.
The scorpion is severely wounded.
The scorpion stings you!
* * * LOW HITPOINT WARNING * * *
You barely miss the scorpion.
The scorpion is severely wounded.
The scorpion closely misses you.
You hit the scorpion.
You kick the scorpion, but do no damage.
The scorpion is almost dead.
You feel sick. The scorpion stings you!
You die...

.................#......# ##.
........................##### #..
..................##........###..
##8###8#.#........###.#.###......
#### ###..#....#####.............
..# #..............##.####.....
..# #..........######.## #.....
..# #..........s.# #..###.....
#.# ###.........@#.# ##..##.....
..###..........?.#.# ##..#.....
.................#.#######.......
#................#...............
#########.##################...##
####.#.##.##.#.####....## #...#
..###.##...##.###.....#.# #...#
....)#...8...#.......#### #...#
....#..#...#..#.....#.# ####...#


You could see a scorpion.

Vanquished Creatures
  6 adders
  2 worms (D:3)
  An ooze (D:3)
  An orc (D:3)
  A ball python (D:2)
  5 giant cockroaches
  10 hobgoblins
  A quokka (D:2)
  10 bats
  5 giant geckos
  4 giant newts
  4 goblins
  14 kobolds
  10 rats
74 creatures vanquished.

Notes
Turn   | Place    | Note
--------------------------------------------------------------
     0 | D:1      | Gorice, the Demonspawn Wanderer, began the quest for the Orb.
     0 | D:1      | Reached XP level 1. HP: 22/22 MP: 1/1
   116 | D:1      | Reached skill level 1 in Polearms
   176 | D:1      | Gained mutation: You have large cloven feet. [demonic ancestry]
   176 | D:1      | Reached XP level 2. HP: 26/28 MP: 2/2
   975 | D:2      | Reached XP level 3. HP: 34/34 MP: 3/3
  1867 | D:3      | Gained mutation: You sometimes gain a little power by taking damage. [demonic ancestry]
  1867 | D:3      | Reached XP level 4. HP: 37/40 MP: 4/4
  2976 | D:3      | Reached XP level 5. HP: 46/46 MP: 5/5
  2998 | D:4      | Noticed an ogre
  3002 | D:4      | Noticed Menkaure
  3040 | D:4      | Noticed an ogre
  3042 | D:4      | Noticed Edmund
  3104 | D:3      | Slain by a scorpion

Action                   |  1- 3 |  4- 6 || total
-------------------------+-------+-------++-------
Melee: Spear             |   188 |   190 ||   378
Throw: Stone             |    37 |    22 ||    59
       Throwing net      |       |     1 ||     1
  Use: Scroll            |     5 |     1 ||     6
       Potion            |     2 |       ||     2
  Eat: Chunk             |     3 |     4 ||     7
